 Dungeon Crawl Stone Soup version 0.28.0 (webtiles) character file.

Game seed: 9065028122187135479

370 HallandMoats the Skirmisher (level 6, -2/49 HPs)
             Began as a Demonspawn Monk on Feb 6, 2022.
             Slain by an orc warrior (9 damage)
             ... on level 4 of the Dungeon.
             The game lasted 00:04:38 (4100 turns).

HallandMoats the Skirmisher (Demonspawn Monk)       Turns: 4100, Time: 00:04:38

Health: -2/49      AC: 10    Str: 14    XL:     6   Next: 42%
Magic:  8/8        EV: 11    Int: 11    God:
Gold:   175        SH:  0    Dex: 21    Spells: 5/5 levels left

rFire   + . .      SeeInvis .     - Unarmed
rCold   . . .      Faith    .   (no shield)
rNeg    . . .      Spirit   .   b - +1 scale mail {rF+}
rPois   .          Reflect  .   e - +0 helmet
rElec   .          Harm     .   o - +0 cloak {Stlth+}
rCorr   .          Rampage  .   (no gloves)
Will    .....                   j - +0 pair of boots
Stlth   ++........              (no amulet)
HPRegen 0.16/turn               v - +6 ring of dexterity
MPRegen 0.11/turn               m - ring of flight

@: flying
A: powered by death 2, spiny 2
a: no special abilities


You were on level 4 of the Dungeon.
You visited 1 branch of the dungeon, and saw 4 of its levels.

You collected 175 gold pieces.

Inventory:

Hand Weapons
 a - a +2 vampiric trident
Missiles
 x - 2 poisoned darts (quivered)
Armour
 b - a +1 scale mail of fire resistance (worn)
 e - a +0 helmet (worn)
 j - a +0 pair of boots (worn)
 o - a +0 cloak of stealth (worn)
Jewellery
 m - a ring of flight (right hand)
 v - a +6 ring of dexterity (left hand)
 w - a ring of see invisible
Wands
 n - a wand of polymorph (2)
 u - a wand of iceblast (10)
Scrolls
 c - a scroll of blinking
 h - a scroll of torment {unknown}
 k - a scroll of enchant armour {unknown}
 p - a scroll of noise {unknown}
 q - a scroll of teleportation {unknown}
 r - a scroll of amnesia {unknown}
Potions
 d - 2 potions of flight {unknown}
 f - 3 potions of curing {unknown}
 g - a potion of degeneration {unknown}
 i - a potion of berserk rage {unknown}
 l - a potion of magic {unknown}
 s - 2 potions of lignification {unknown}
 t - a potion of haste


   Skills:
 * Level 4.6 Fighting
 + Level 1.9 Armour
 + Level 3.4 Dodging
 - Level 1.7 Stealth
 * Level 4.2 Unarmed Combat
 + Level 3.0 Invocations


You had 5 spell levels left.
You didn't know any spells.
Your spell library contained the following spells:

 Spells                   Type           Power      Damage    Failure   Level
 Animate Skeleton         Necr           0%         N/A       83%         1
 Apportation              Tloc           0%         N/A       83%         1
 Summon Small Mammal      Summ           0%         N/A       83%         1


Dungeon Overview and Level Annotations

Branches:
Dungeon (4/15)
 Temple: D:4-7

Altars:
Sif Muna
The Shining One


Innate Abilities, Weirdness & Mutations

You regenerate health from kills.
You are mostly covered in sharp spines.


Message History

The orc warrior is heavily wounded.
The orc warrior closely misses you.
You hit the orc warrior but do no damage.
The orc warrior is heavily wounded.
The dart slug is struck by your spines. The dart slug closely misses you.
The orc warrior closely misses you.
You hit the orc warrior but do no damage.
The orc warrior is moderately wounded.
The orc warrior closely misses you. The dart slug is struck by your spines.
You kill the dart slug!
Your Invocations skill increases to level 3!
You hit the orc warrior but do no damage.
The orc warrior is moderately wounded.
The orc warrior is struck by your spines.
The orc warrior misses you.
You hit the orc warrior but do no damage.
The orc warrior is heavily wounded.
The orc warrior is struck by your spines.
The orc warrior closely misses you.
You barely miss the orc warrior.
The orc warrior is severely wounded.
The orc warrior barely misses you.
You hit the orc warrior.
The orc warrior is severely wounded.
The orc warrior hits you with a +0 flail!
You hit the orc warrior but do no damage.
The orc warrior is severely wounded.
The orc warrior is struck by your spines.
The orc warrior hits you with a +0 flail.
You closely miss the orc warrior.
The orc warrior is severely wounded.
The orc warrior hits you but does no damage.
You hit the orc warrior but do no damage.
The orc warrior is severely wounded.
The orc warrior hits you with a +0 flail!
* * * LOW HITPOINT WARNING * * *
You barely miss the orc warrior.
The orc warrior is severely wounded.
The orc warrior hits you with a +0 flail!
You die...

..........###...[....
...................#
..[..............#
....###..........#
...##............#####
.................##.###
#.......###.........##
###.o[.#####.......#.#
###...†@.###.........#..
######.##....................
##...S...#.......##.#.........
#......o............#..)......
#.######'#########..#..)......
#.####.#.#......##....))).....
#o##...#.##...#..#............
#.##..§#w.##.#####............
#S#..S.#...#'#...+............


You could see an orc warrior.

Vanquished Creatures
  A necrophage (D:3)
  An orc priest (D:4)
  Crazy Yiuf (D:2)
  Jessica (D:2)
  Ijyb (D:3)
  Terence (D:2)
  An orc wizard (D:4)
  3 adders
  3 worms
  5 dart slugs
  7 orcs (D:4)
  4 endoplasms
  2 giant cockroaches
  6 goblins
  2 hobgoblins
  12 kobolds
  4 quokkas
  4 ball pythons
  4 bats
  7 rats
  A bush (D:2)
71 creatures vanquished.

Vanquished Creatures (others)
  2 fungi (D:2)
2 creatures vanquished.

Grand Total: 73 creatures vanquished

Notes
Turn   | Place    | Note
-------+----------+-------------------------------------------
     0 | D:1      | HallandMoats the Demonspawn Monk began the quest for the
                  | Orb.
     0 | D:1      | Reached XP level 1. HP: 18/18 MP: 1/1
   210 | D:1      | Gained mutation: You regenerate a little health from kills.
                  | [demonic ancestry]
   210 | D:1      | Reached XP level 2. HP: 8/24 MP: 2/2
  1429 | D:2      | Noticed Jessica
  1437 | D:2      | Killed Jessica
  1438 | D:2      | Reached skill level 1 in Armour
  1438 | D:2      | Reached skill level 1 in Invocations
  1438 | D:2      | Gained mutation: You are partially covered in sharp spines.
                  | [demonic ancestry]
  1438 | D:2      | Reached XP level 3. HP: 27/29 MP: 3/3
  1827 | D:2      | Reached XP level 4. HP: 36/36 MP: 5/5
  2171 | D:2      | Noticed Terence
  2195 | D:2      | Killed Terence
  2819 | D:2      | Found a runed translucent door.
  2820 | D:2      | Noticed Crazy Yiuf
  2996 | D:2      | Killed Crazy Yiuf
  3047 | D:3      | Noticed Ijyb
  3076 | D:3      | Killed Ijyb
  3077 | D:3      | Gained mutation: You regenerate health from kills. [demonic
                  | ancestry]
  3077 | D:3      | Reached XP level 5. HP: 28/42 MP: 6/6
  3590 | D:4      | Found a shimmering blue altar of Sif Muna.
  3681 | D:4      | Gained mutation: You are mostly covered in sharp spines.
                  | [demonic ancestry]
  3681 | D:4      | Reached XP level 6. HP: 49/49 MP: 7/7
  3907 | D:4      | Noticed an orc warrior
  4100 | D:4      | Slain by an orc warrior

Illustrated notes

Levels and vault maps discovered:
D:1:      scummos_arrival_star, layout_loops_ring, minivault_5,
          chequers_hall_statues_wall_a, serial_bayou_lake_a
D:2:      layout_loops_corners, basic_altar, kennysheep_cross_room,
          uniq_terence, uniq_jessica, uniq_crazy_yiuf_cottage
D:3:      layout_basic, columned_hall_lemuel, uniq_ijyb
D:4:      layout_cave_pools, mainiacjoe_overflow_tiny_flanked,
          minmay_misc_feat_pillars, minmay_pentangle

Skill      XL: |  1  2  3  4  5  6 |
---------------+-------------------+-----
Unarmed Combat | 3 4 |  4.2
Armour         | 1 |  1.9
Invocations    | 1 2 3 |  3.0
Dodging        | 3 |  3.4
Fighting       | 4 |  4.6
Stealth        | |  1.7

Action                   |  1- 3 |  4- 6 || total
-------------------------+-------+-------++-------
Melee: Unarmed           |   137 |   449 ||   586
       Punch             |     2 |    22 ||    24
  Use: Scroll            |       |     1 ||     1
 Stab: Sleeping          |     2 |     4 ||     6
Armor: Robe              |    10 |       ||    10
       Scale mail        |    33 |    57 ||    90
Dodge: Dodged            |    81 |    71 ||   152
